 Dungeon Crawl Stone Soup version 0.30.1-11-g7821555f0a (webtiles) character file.

Game seed: 9400569165891210092

54680 Taul the Tortoise (level 14, -9/112 HPs)
             Began as a Minotaur Fighter on Jan 13, 2024.
             Was a High Priest of the Shining One.
             Mangled by a +3 heavy war axe (20 damage)
             ... on level 2 of the Elven Halls.
             The game lasted 01:12:39 (26019 turns).

Taul the Tortoise (Minotaur Fighter)               Turns: 26019, Time: 01:12:39

Health: -9/112     AC: 33    Str: 26    XL:     14   Next: 35%
Magic:  13/13      EV:  8    Int: 15    God:    the Shining One [*****.]
Gold:   3150       SH: 14    Dex: 10    Spells: 13/13 levels left

rFire   + + +        A - +10 falchion of Woe {freeze, rF+ rCorr Int+2}
rCold   + . .        D - +2 shield of Resistance {rF++ rC++ Will++}
rNeg    + + .        C - +1 plate armour of Restlessness {rPois Will- Regen+ rCorr Int+8}
rPois   +            (helmet restricted)
rElec   +            n - +2 cloak
rCorr   +            O - +2 pair of gloves
SInv    .            I - +2 pair of boots
Will    +++..        M - amulet of faith Stlth
                     z - +4 ring of protection
HPRegen 1.18/turn    o - ring of Gam Winaibu {Fire rElec Will+ rCorr Slay+2}
MPRegen 0.13/turn

%: faith
@: about to teleport, marked, glowing
A: horns 2, retaliatory headbutt, frail 1, screaming 1
a: Renounce Religion, Divine Shield, Cleansing Flame, Summon Divine Warrior


You were on level 2 of the Elven Halls.
You worshipped the Shining One.
The Shining One was extremely pleased with you.
You visited 3 branches of the dungeon, and saw 15 of its levels.

You collected 3878 gold pieces.
You spent 728 gold pieces at shops.

Inventory:

Hand Weapons
 a - a +0 flail
 d - the +4 flail of Pestilence {freeze, rCorr Dex+2}
   (You took it off a hobgoblin on level 3 of the Dungeon)

   Dex:       It affects your dexterity (+2).
   rCorr:     It protects you from acid and corrosion.
 j - a +1 dagger of venom
 w - the +8 hand axe of the Feeding Genius {flame, rC+ Will+ Stlth+}
   (You found it on level 9 of the Dungeon)

   rC:        It protects you from cold.
   Will:      It increases your willpower.
   Stlth:     It makes you more stealthy.
 A - the +10 falchion of Woe (weapon) {freeze, rF+ rCorr Int+2}
   (You found it on level 10 of the Dungeon)

   Int:       It affects your intelligence (+2).
   rF:        It protects you from fire.
   rCorr:     It protects you from acid and corrosion.
Missiles
 m - 6 silver javelins (quivered)
 r - a throwing net
Armour
 b - a +1 scale mail
 c - a +0 buckler
 e - a +0 plate armour
 h - a +0 chain mail
 n - a +2 cloak (worn)
 C - the +1 plate armour of Restlessness (worn) {rPois Will- Regen+ rCorr Int+8}
   (You acquired it on level 5 of the Dungeon)

   Int:       It affects your intelligence (+8).
   rPois:     It protects you from poison.
   Regen:     It increases your rate of health regeneration.
   rCorr:     It protects you from acid and corrosion.
   Will:      It decreases your willpower.
 D - the +2 shield of Resistance (worn) {rF++ rC++ Will++}
   (You acquired it on level 5 of the Dungeon)

   rF:        It greatly protects you from fire.
   rC:        It greatly protects you from cold.
   Will:      It greatly increases your willpower.
 I - a +2 pair of boots (worn)
 O - a +2 pair of gloves (worn)
Jewellery
 f - an amulet of the acrobat
 o - the ring of Gam Winaibu (right hand) {Fire rElec Will+ rCorr Slay+2}
   (You found it on level 5 of the Dungeon)

   [ring of fire]

   It enhances your fire magic.
   Slay:      It affects your accuracy & damage with ranged weapons and melee
   (+2).
   rF:        It protects you from fire.
   rC:        It makes you vulnerable to cold.
   rElec:     It insulates you from electricity.
   rCorr:     It protects you from acid and corrosion.
   Will:      It increases your willpower.
 q - a +6 ring of intelligence
 y - a ring of poison resistance
 z - a +4 ring of protection (left hand)
 E - a ring of fire
 M - an amulet of faith (around neck)
 Q - a ring of wizardry
Wands
 i - a wand of digging (2)
 p - a wand of polymorph (12)
 t - a wand of paralysis (13)
 H - a wand of roots (3)
 T - a wand of flame (10)
Scrolls
 s - 2 scrolls of teleportation
 v - a scroll of amnesia
 L - 4 scrolls of enchant weapon
 R - a scroll of enchant armour
 V - a scroll of magic mapping
Potions
 g - 3 potions of curing
 k - a potion of mutation
 l - 3 potions of brilliance
 u - 3 potions of lignification
 x - 2 potions of invisibility
 B - 2 potions of attraction
 F - a potion of ambrosia
 G - a potion of experience {unknown}
 J - a potion of berserk rage
 K - a potion of magic {unknown}
 P - a potion of cancellation {unknown}
 S - a potion of flight


   Skills:
 + Level 11.9 Fighting
 + Level 0.8(7.5) Short Blades
 + Level 12.8 Long Blades
 + Level 2.1(9.0) Axes
 + Level 13.5(13.6) Maces & Flails
 + Level 15.5 Armour
 + Level 2.0 Dodging
 + Level 2.6 Stealth
 + Level 14.7 Shields


You had 13 spell levels left.
You didn't know any spells.
Your spell library contained the following spells:

 Spells                   Type           Power      Damage    Failure   Level
 Apportation              Tloc           0%         N/A       95%         1
 Magic Dart               Conj           0%         1d3       95%         1
 Necrotise                Necr           0%         1d4       95%         1
 Sandblast                Erth           0%         2d4       95%         1
 Summon Small Mammal      Summ           0%         N/A       95%         1
 Call Imp                 Summ           0%         N/A       98%         2
 Passwall                 Tmut/Erth      0%         N/A       98%         2
 Call Canine Familiar     Summ           0%         N/A       100%        3
 Gell's Gravitas          Tloc           0%         N/A       100%        3
 Mephitic Cloud           Conj/Pois/Air  0%         N/A       100%        3
 Ozocubu's Armour         Ice            0%         N/A       100%        3
 Portal Projectile        Hex/Tloc       0%         N/A       100%        3
 Stone Arrow              Conj/Erth      0%         3d7       100%        3
 Teleport Other           Tloc           0%         N/A       100%        3
 Leda's Liquefaction      Hex/Erth       0%         N/A       100%        4
 Lee's Rapid Deconstruct  Erth           0%         3d4*      100%        5
 Metabolic Englaciation   Hex/Ice        0%         N/A       100%        5
 Summon Forest            Summ/Tloc      0%         N/A       100%        5
 Summon Mana Viper        Hex/Summ       0%         N/A       100%        5
 Dispersal                Tloc           0%         N/A       100%        6
 Simulacrum               Ice/Necr       0%         N/A       100%        6
 Statue Form              Tmut/Erth      0%         N/A       100%        6
 Summon Cactus Giant      Summ           0%         N/A       100%        6


Dungeon Overview and Level Annotations

Branches:
Dungeon (11/15)            Temple (0/1) D:7            Lair (0/5) D:10
    Orc (2/2) D:11            Elf (2/3) Orc:2

Altars:
Dithmenos
Gozag
Hepliaklqana
Nemelex Xobeh
Okawaru
Trog
Uskayaw
Vehumet
Wu Jian
Xom
Yredelemnul
The Shining One

Shops:
D:2 (   D:6 =   D:8 [   Orc:2 (*(=(

Annotations:
D:8 1 transporter
Elf:2 3 runed translucent doors


Innate Abilities, Weirdness & Mutations

You have a pair of horns on your head.
You reflexively headbutt those who attack you in melee.
You are frail. (-10% HP)
You occasionally shout uncontrollably at your foes.


Message History

The deep elf archer wields a +0 shortbow.
The deep elf archer shoots an arrow.
The arrow completely misses you.
The arrow hits the deep elf archer!!
Things that are here:
a +0 short sword; a +0 shortbow; a +0 leather armour The deep elf knight gestures at you while chanting.
You block the lance of force.
The deep elf archer unwields a +0 dagger.
The deep elf archer wields a +0 shortbow.
The deep elf archer shoots an arrow.
The arrow barely misses you.
The arrow misses the deep elf archer.
A deep elf knight comes into view. It is wielding a +0 short sword.
The deep elf archer unwields a +0 dagger.
The deep elf archer wields a +0 shortbow.
The deep elf archer shoots an arrow.
You block the arrow. The +3 heavy war axe hits you.
You slash the +3 heavy war axe!
The +3 heavy war axe is severely damaged.
You block the deep elf knight's attack.
The deep elf archer shoots an arrow.
The arrow hits you!!
You barely miss the +3 heavy war axe.
The +3 heavy war axe is severely damaged.
The deep elf knight casts a spell at you.
The lance of force hits you!!
You are knocked back by the lance of force.
You slam into the rock wall!
You block the +3 heavy war axe's attack.
A deep elf archer comes into view. It is wielding a +0 short sword.
The deep elf archer shoots an arrow.
The arrow hits you!!
* * * LOW HITPOINT WARNING * * *
The deep elf archer shoots an arrow.
You block the arrow.
The deep elf archer shoots an arrow.
The arrow hits you!!
* * * LOW HITPOINT WARNING * * *
The deep elf knight completely misses you.
You furiously retaliate!
You headbutt the deep elf knight!
You are too injured to fight recklessly!
Unknown command.
As you read the scroll of teleportation, it crumbles to dust.
You feel strangely unstable. The +3 heavy war axe hits you!!
You die...

##.......##
##..........#
#........<#
##...........#
##.......##
#..........⌠.#
#.......#
#............#
##.....##
#⌠..........##
#.....##
#..........##
#+#+#..##
#.)..e....##
##e.###e(......##
##.e.e.@..⌠.e##
##)e..#######
#....# #....#
######


You could see 4 deep elf archers, 2 deep elf knights, a deep elf pyromancer and
a +3 heavy war axe.

Vanquished Creatures
  A deep elf elementalist (Elf:1)
  A centaur warrior (D:9)
  13 dancing weapons
  A two-headed ogre (D:9)
  3 orc high priests (Orc:2)
  Sonja (D:10)
  9 deep elf knights (Elf:1)
  8 deep elf archers
  4 orc knights (Orc:2)
  A wizard (D:9)
  4 orc sorcerers (Orc:2)
  23 deep elf pyromancers
  15 deep elf zephyrmancers (Elf:1)
  A cyclops (Orc:1)
  Psyche (D:10)
  3 trolls
  Prince Ribbit (D:7)
  2 hornets (D:9)
  3 shadows
  An air elemental (Elf:2)
  A wraith (D:10)
  4 wyverns
  A fire elemental (Elf:1)
  18 yaks
  A steam dragon (D:7)
  2 vampire mosquitoes (D:11)
  Menkaure (D:5)
  2 wargs
  22 orc warriors
  An ice beast (D:6)
  11 ogres
  2 sky beasts
  3 centaurs
  2 wolves
  4 kobold brigands
  2 phantoms
  3 bullfrogs
  An earth elemental (Elf:1)
  3 gnoll sergeants (D:11)
  15 wights
  25 killer bees
  6 howler monkeys
  8 hounds
  2 jellies
  12 orc priests
  3 gnoll boudas
  A sleepcap (D:6)
  6 iguanas
  19 orc wizards
  Robin (D:2)
  13 gnolls
  8 adders
  A shadow imp (D:7)
  A white imp (D:6)
  2 ufetubi (D:5)
  2 worms
  3 dart slugs
  43 orcs
  8 ball pythons
  8 endoplasms
  5 giant cockroaches
  8 goblins
  11 hobgoblins
  7 jackals
  4 quokkas
  2 bats (D:1)
  2 frilled lizards
  23 kobolds
  3 rats
  A spectral kobold (D:4)
433 creatures vanquished.

Vanquished Creatures (others)
  A deep elf zephyrmancer (Elf:1)
  A water elemental (Elf:1)
  An orc wizard (Orc:2)
3 creatures vanquished.

Grand Total: 436 creatures vanquished

Notes
Turn   | Place    | Note
-------+----------+-------------------------------------------
     0 | D:1      | Taul the Minotaur Fighter began the quest for the Orb.
     0 | D:1      | Reached XP level 1. HP: 19/19 MP: 0/0
   339 | D:1      | Reached skill level 4 in Armour
   339 | D:1      | Reached XP level 2. HP: 27/27 MP: 1/1
  1047 | D:2      | Reached XP level 3. HP: 33/33 MP: 2/2
  1312 | D:2      | Found a glowing golden altar of the Shining One.
  1339 | D:2      | Became a worshipper of the Shining One
  1371 | D:2      | Noticed Robin
  1387 | D:2      | Killed Robin
  1388 | D:2      | Reached XP level 4. HP: 26/41 MP: 3/3
  1964 | D:2      | Identified the +3 war axe "Aluhaown" {heavy, Fragile Int+3
                  | Dex+2}
  2022 | D:2      | Found Zupymyw's Weapon Boutique.
  2549 | D:3      | Found a faded altar of an unknown god.
  2648 | D:3      | Found a shadowy altar of Dithmenos.
  2672 | D:3      | HP: 2/41 [kobold/+1 dagger of electrocution (9)]
  3375 | D:3      | Identified the +4 flail of Pestilence {freeze, rCorr Dex+2}
  3839 | D:3      | Found a sparkling altar of Nemelex Xobeh.
  4107 | D:4      | Noticed an ogre
  4114 | D:4      | Killed an ogre
  4115 | D:4      | Reached skill level 1 in Axes
  4115 | D:4      | Reached skill level 5 in Armour
  4115 | D:4      | Reached XP level 5. HP: 47/47 MP: 4/4
  4162 | D:4      | Reached skill level 1 in Dodging
  4206 | D:4      | Reached skill level 1 in Stealth
  4285 | D:4      | Found a shimmering altar of Xom.
  4499 | D:4      | Found a hazy altar of Hepliaklqana.
  4499 | D:4      | Reached * piety under the Shining One
  4554 | D:4      | Reached XP level 6. HP: 55/55 MP: 5/5
  4771 | D:5      | Entered Level 5 of the Dungeon
  4815 | D:5      | Identified the ring of Gam Winaibu {Fire rElec Will+ rCorr
                  | Slay+2}
  4843 | D:5      | Noticed Menkaure
  5673 | D:6      | Found a basalt altar of Yredelemnul.
  5819 | D:6      | Reached skill level 5 in Fighting
  6080 | D:6      | Noticed an ice beast
  6094 | D:6      | Killed an ice beast
  6095 | D:6      | Reached skill level 5 in Maces & Flails
  6095 | D:6      | Reached skill level 6 in Armour
  6095 | D:6      | Reached XP level 7. HP: 39/61 MP: 6/6
  6187 | D:6      | Identified the +0 robe "Toatin" {rC+ Int+3 Dex+3}
  6434 | D:6      | Noticed a yak
  6484 | D:6      | Noticed a yak
  6485 | D:6      | Noticed a yak
  6491 | D:6      | Noticed a yak
  6494 | D:6      | Killed a yak
  6497 | D:6      | Killed a yak
  6500 | D:6      | Killed a yak
  6501 | D:6      | Reached XP level 8. HP: 69/69 MP: 7/7
  6506 | D:6      | Reached skill level 7 in Armour
  6862 | D:6      | Found Noedup's Jewellery Emporium.
  7510 | D:6      | Reached skill level 5 in Shields
  7836 | D:5      | Killed Menkaure
  8542 | D:5      | Found an ornate altar of the Wu Jian Council.
  8932 | D:5      | Reached ** piety under the Shining One
  9087 | D:5      | Identified 4 scrolls of acquirement
  9092 | D:5      | Reached skill level 8 in Armour
  9132 | D:5      | Acquired the +1 plate armour of Restlessness {rPois Will-
                  | Regen+ rCorr Int+8}
  9146 | D:5      | Acquired the +2 shield of Resistance {rF++ rC++ Will++}
  9146 | D:5      | Found the +2 shield of Resistance {rF++ rC++ Will++}
  9158 | D:5      | Acquired 891 gold pieces
  9160 | D:5      | Acquired 703 gold pieces
  9224 | D:6      | Bought a +4 ring of protection for 540 gold pieces
  9753 | D:7      | Noticed Prince Ribbit
  9767 | D:7      | Killed Prince Ribbit
  9768 | D:7      | Reached XP level 9. HP: 78/78 MP: 8/8
  9926 | D:7      | Reached skill level 10 in Maces & Flails
 11104 | D:7      | Found a staircase to the Ecumenical Temple.
 12036 | D:8      | Reached skill level 9 in Armour
 12047 | D:8      | Found a transporter.
 12051 | D:8      | Found a transporter.
 12124 | D:8      | Found a transporter.
 12128 | D:8      | Found a transporter.
 12176 | D:8      | Identified the +0 whip of Makhleb's Hope {freeze, rN++
                  | Will+}
 12241 | D:8      | Found Iloon's Antique Armour Emporium.
 12359 | D:8      | Found a transporter.
 12361 | D:8      | Found a transporter.
 12426 | D:8      | Found an opulent altar of Gozag.
 12950 | D:9      | Reached XP level 10. HP: 86/86 MP: 9/9
 12974 | D:9      | Reached *** piety under the Shining One
 12998 | D:9      | Noticed a deep elf pyromancer
 13015 | D:9      | Noticed a two-headed ogre
 13093 | D:9      | Killed a two-headed ogre
 13094 | D:9      | Reached skill level 10 in Armour
 13097 | D:9      | Killed a deep elf pyromancer
 13321 | D:9      | Noticed a centaur warrior
 13328 | D:9      | Killed a centaur warrior
 13707 | D:9      | Reached XP level 11. HP: 89/94 MP: 10/10
 13721 | D:9      | Noticed a wizard
 13727 | D:9      | Killed a wizard
 13784 | D:9      | Identified the +8 hand axe of the Feeding Genius {flame,
                  | rC+ Will+ Stlth+}
 14006 | D:9      | Acquired 812 gold pieces
 14196 | D:9      | Found a hide-covered altar of Uskayaw.
 14494 | D:10     | Entered Level 10 of the Dungeon
 14513 | D:9      | Reached skill level 10 in Shields
 14763 | D:10     | Found a staircase to the Lair.
 14868 | D:10     | Identified the +10 falchion of Woe {freeze, rF+ rCorr
                  | Int+2}
 14872 | D:10     | Reached skill level 11 in Armour
 15293 | D:10     | Noticed Sonja
 15299 | D:10     | Noticed Psyche
 15321 | D:10     | Killed Psyche
 15322 | D:10     | Reached skill level 1 in Long Blades
 15324 | D:10     | Killed Sonja
 15441 | D:10     | Reached **** piety under the Shining One
 15551 | D:10     | Found an iron altar of Okawaru.
 15669 | D:10     | Found a bloodstained altar of Trog.
 16061 | D:11     | Noticed a two-headed ogre
 16204 | D:11     | Found a staircase to the Orcish Mines.
 16246 | D:11     | Reached skill level 5 in Long Blades
 16274 | Orc:1    | Entered Level 1 of the Orcish Mines
 16508 | Orc:1    | Reached ***** piety under the Shining One
 16511 | Orc:1    | Reached XP level 12. HP: 105/105 MP: 11/11
 16666 | Orc:2    | Entered Level 2 of the Orcish Mines
 16667 | Orc:2    | Found a staircase to the Elven Halls.
 17069 | Orc:2    | Found Hatwowum's Weapon Emporium.
 17730 | Orc:2    | Found Bufef's Jewellery Emporium.
 17736 | Orc:2    | Noticed an orc high priest
 17745 | Orc:2    | Noticed an orc high priest
 17786 | Orc:2    | Noticed an orc high priest
 18129 | Orc:2    | Gained mutation: You are frail. (-10% HP) [a neqoxec]
 18131 | Orc:2    | Gained mutation: You occasionally shout uncontrollably at
                  | your foes. [a neqoxec]
 18132 | Orc:2    | Killed an orc high priest
 18133 | Orc:2    | Reached skill level 12 in Armour
 18431 | Orc:2    | Killed an orc high priest
 18847 | Orc:2    | Killed an orc high priest
 19184 | Orc:2    | Reached skill level 10 in Fighting
 19669 | Orc:2    | Found Cocla's Weapon Emporium.
 19670 | Orc:2    | Found Pahaocom's Assorted Antiques.
 19670 | Orc:2    | Found Jarpheekk's Weapon Shop.
 19693 | Orc:2    | Bought a white potion for 17 gold pieces
 19693 | Orc:2    | Bought a scroll labelled ESTRUPR SUOTHRAUXKA for 19 gold
                  | pieces
 19693 | Orc:2    | Bought a scroll of teleportation for 57 gold pieces
 19693 | Orc:2    | Bought a large ivory ring for 95 gold pieces
 20268 | Orc:1    | You fall into a shaft and drop 1 floor!
 20287 | Orc:1    | Reached skill level 13 in Armour
 20518 | Elf:1    | Entered Level 1 of the Elven Halls
 21110 | Elf:1    | Found a radiant altar of Vehumet.
 21508 | Elf:1    | Reached XP level 13. HP: 64/101 MP: 12/12
 21950 | Elf:1    | Reached skill level 14 in Armour
 21984 | Elf:1    | Reached skill level 10 in Long Blades
 22042 | Elf:1    | Noticed a deep elf elementalist
 22047 | Elf:1    | Killed a deep elf elementalist
 23358 | Elf:1    | Reached skill level 15 in Armour
 23389 | Elf:1    | Reached XP level 14. HP: 111/111 MP: 13/13
 25564 | Elf:1    | Glimpsed the power of Zot.
 25994 | Elf:2    | Found a runed translucent gate.
 25995 | Elf:2    | Found a runed translucent gate.
 25995 | Elf:2    | Found a runed translucent gate.
 25996 | Elf:2    | Paralysed by an air elemental for 1 turns
 25997 | Elf:2    | Noticed a deep elf blademaster
 26019 | Elf:2    | Mangled by a +3 heavy war axe

Illustrated notes

Levels and vault maps discovered:
D:1:      dpeg_arrival_concentric_ovals, layout_basic
D:2:      layout_basic, basic_altar, serial_shops, nicolae_shop_stone,
          uniq_robin
D:3:      layout_rooms, nemelex_dance_club_becter,
          nicolae_dithmenos_shadow_blocks, nicolae_ecumenical_oubliette
D:4:      minmay_recursive_quarters, layout_loops_ring,
          nicolae_hepliaklqana_monster_ancestors, zin_academy, kennysheep_mini
D:5:      layout_gridville, nicolae_wu_jian_wuxing_cycle,
          kennysheep_big_empty_room, uniq_menkaure
D:6:      layout_loops_ring, general_overflow_altar, serial_shops,
          nicolae_shop_back_alley_shop, serial_co_window_serial,
          co_window_corner_a, co_window_paths_a, co_window_paths_a,
          co_window_corner_a, co_window_corner_a, co_window_corner_a,
          co_window_paths_b, co_window_corner_a, co_window_cross_1,
          co_window_of_opportunity_b, co_window_of_opportunity_c,
          co_window_corner_b, co_window_sun, co_window_paths_e, glass_columns_a
D:7:      layout_gridville, minmay_temple_entry_butterflies, uniq_prince_ribbit1
D:8:      layout_rooms, mainiacjoe_overflow_tiny_flanked, serial_shops,
          shop_coins, serial_nicolae_subway, nicolae_sub_station_metal,
          nicolae_sub_station_crystal, nicolae_sub_station_stone
D:9:      wad_statue_garden, layout_irregular_city, mainiacjoe_overflow_catwalk,
          enter_bailey_2
D:10:     layout_roguey, kennysheep_little_box, lightli_temple_of_fire,
          erik_lair_island, uniq_sonja, uniq_psyche
D:11:     layout_loops_corners, kennysheep_orc_monster_closet_entryway
Orc:1:    layout_caves, basic_altar
Orc:2:    st_orc_elflike, layout_caves, serial_shops,
          nicolae_shop_tiny_statue_garden
Elf:1:    eino_elf_arrival_altar, layout_geoelf_diagonals, minivault_28,
          amethyst_killhole, hangedman_elven_crosses_minicolossus
Elf:2:    nicolae_elf_blades_crystal_corner, layout_geoelf_diagonals

Skill      XL: |  1  2  3  4  5  6  7  8  9 10 11 12 13 |
---------------+----------------------------------------+-----
Armour         | 4 5 6 8 9 10 11 13 15 | 15.5
Fighting       | 4 5 6 7 8 9 10 11 | 11.9
Shields        | 4 5 7 9 11 12 14 | 14.7
Maces & Flails | 3 5 7 9 11 13 | 13.5
Axes           | 1 2 |  2.1
Dodging        | 1 2 |  2.0
Stealth        | 1 2 |  2.6
Long Blades    | 5 9 12 | 12.8
Short Blades   | |  0.8

Action                     |  1- 3 |  4- 6 |  7- 9 | 10-12 | 13-15 || total
---------------------------+-------+-------+-------+-------+-------++-------
  Melee: Flail             |    41 |    65 |   163 |   146 |       ||   415
         Headbutt          |    11 |    15 |    46 |   158 |    74 ||   304
         Dagger            |    48 |     8 |       |       |       ||    56
         War axe           |       |    23 |       |       |       ||    23
         Falchion          |       |       |       |   463 |   265 ||   728
         Hand axe          |       |       |       |     5 |       ||     5
 Invoke: Divine Shield     |       |       |       |     1 |       ||     1
  Evoke: Wand              |       |       |       |       |     1 ||     1
    Use: Scroll            |     3 |     2 |    12 |    16 |     7 ||    40
         Potion            |       |     2 |       |    15 |     2 ||    19
 Armour: Scale mail        |    34 |     2 |       |       |       ||    36
         Chain mail        |       |    10 |       |       |       ||    10
         Plate armour      |       |    19 |    81 |   396 |   173 ||   669
  Dodge: Dodged            |    42 |    37 |    84 |   196 |    65 ||   424
  Block: Buckler           |    27 |    22 |    13 |       |       ||    62
         Kite shield       |       |       |    65 |   524 |   170 ||   759
